 Dungeon Crawl Stone Soup version 0.23.2 (webtiles) character file.

Game seed: 16698330033119787058

22444 Chiseanne the Fighter (level 12, -6/105 HPs)
             Began as a Demonspawn Wanderer on Apr 8, 2019.
             Was an Initiate of Gozag.
             Mangled by an orc knight
             ... wielding a +3 great mace of pain
              (50 damage)
             ... on level 1 of the Orcish Mines.
             The game lasted 00:34:21 (16044 turns).

Chiseanne the Fighter (Demonspawn Wanderer)        Turns: 16044, Time: 00:34:22

Health: -6/105     AC: 17    Str: 18    XL:     12   Next: 63%
Magic:  13/13      EV: 16    Int: 16    God:    Gozag
Gold:   395        SH: 22    Dex: 15    Spells: 11/11 levels left

rFire    + . .     SeeInvis .   a - +11 falchion "Hydraslayer" {elec, rElec rC+ rN+ Int-5}
rCold    + + .     Gourm    .   V - +1 large shield {rN+}
rNeg     + + +     Faith    .   N - +0 leather armour {rF+}
rPois    .         Spirit   .   m - +2 helmet of Cogi Her {Str+4 Int+2}
rElec    +         Reflect  +   O - +1 cloak
rCorr    .         Harm     .   (no gloves)
MR       .....                  (no boots)
Stlth    +.........             w - +4 amulet of reflection
HPRegen  0.27/turn              e - ring of protection from cold
MPRegen  0.13/turn              X - +4 ring of intelligence

@: sanguine armour
A: talons 2, demonic guardian 1, negative energy resistance 1, rot immunity,
sanguine armour 2
a: Potion Petition, Call Merchant, Bribe Branch, Renounce Religion


You were on level 1 of the Orcish Mines.
You worshipped Gozag.
Gozag was aware of your devotion.
You were not hungry.

You visited 3 branches of the dungeon, and saw 15 of its levels.
You also visited: Ossuary.

You collected 4211 gold pieces.
You spent 3249 gold pieces at shops.
You paid 567 gold pieces to Gozag.

Inventory:

Hand Weapons
 a - the +11 falchion "Hydraslayer" (weapon) {elec, rElec rC+ rN+ Int-5}
   (You found it on level 7 of the Dungeon)

   Occasionally, upon striking a foe, it will discharge some electrical energy
   and cause terrible harm.
   It affects your intelligence (-5).
   It protects you from cold.
   It insulates you from electricity.
   It protects you from negative energy.
 s - a +3 flail of protection
Missiles
 p - 53 bolts
 t - 112 sling bullets
 u - 11 javelins (quivered)
 y - 16 poisoned needles
Armour
 k - the +1 ring mail "Itiqul" {rElec Int+2}
   (You bought it in a shop on level 1 of the Orcish Mines)

   It affects your intelligence (+2).
   It insulates you from electricity.
 m - the +2 helmet of Cogi Her (worn) {Str+4 Int+2}
   (You bought it in a shop on level 5 of the Dungeon)

   It affects your strength (+4).
   It affects your intelligence (+2).
 N - a +0 leather armour of fire resistance (worn)
 O - a +1 cloak (worn)
 V - a +1 large shield of positive energy (worn)
Jewellery
 e - a ring of protection from cold (left hand)
 w - a +4 amulet of reflection (around neck)
 P - an uncursed amulet of regeneration
 X - a +4 ring of intelligence (right hand)
Wands
 j - a wand of random effects (35)
 o - a wand of digging (5)
 T - a wand of acid (13)
 W - a wand of flame (7)
Scrolls
 g - 4 scrolls of blinking
 l - 11 scrolls of remove curse
 q - a scroll of summoning
 r - 2 scrolls of fog
 A - 9 scrolls of teleportation
 B - 2 scrolls of amnesia
 D - a scroll of magic mapping
 E - a scroll of immolation
 F - a scroll of silence
 S - a scroll of fear
 U - 2 scrolls of identify
 Z - a scroll of enchant armour
Potions
 b - a potion of lignification
 c - 9 potions of curing
 d - a potion of agility
 h - 6 potions of heal wounds
 v - 4 potions of flight
 x - 6 potions of berserk rage
 C - 2 potions of cancellation
 G - 2 potions of invisibility
 H - 2 potions of magic
 I - a potion of might
 J - a potion of resistance
 K - 3 potions of mutation
 M - 2 potions of haste
 R - a potion of brilliance
Comestibles
 f - 22 rations


   Skills:
 * Level 13.3 Fighting
 - Level 1.0 Long Blades
 - Level 4.0 Armour
 * Level 11.3 Dodging
 * Level 10.5 Shields
 - Level 2.0 Evocations


You had 11 spell levels left.
You didn't know any spells.
Your spell library contained the following spells:

 Spells                   Type           Power        Failure   Level  Hunger
 Animate Skeleton         Necr           N/A          89%         1    ##.....
 Apportation              Tloc           #.....       89%         1    ##.....
 Confusing Touch          Hex            #.....       89%         1    ##.....
 Summon Small Mammal      Summ           #...         89%         1    ##.....
 Confuse                  Hex            #.......     99%         3    ####...
 Gell's Gravitas          Tloc           #.........   99%         3    ####...
 Petrify                  Tmut/Erth      #.......     100%        4    #####..
 Metabolic Englaciation   Hex/Ice        #.........   100%        5    ######.
 Yara's Violent Unravell  Hex/Tmut       #.........   100%        5    ######.


Dungeon Overview and Level Annotations

Branches:
Dungeon (12/15)            Temple (1/1) D:7            Lair (0/6) D:10
    Orc (2/2) D:12
    Elf: Orc:2

Altars:
Ashenzari
Cheibriados
Dithmenos
Elyvilon
Fedhas
Gozag
Hepliaklqana
Kikubaaqudgha
Makhleb
Nemelex Xobeh
Okawaru
Qazlal
Ru
Sif Muna
Trog
Uskayaw
Vehumet
Wu Jian
Xom
Yredelemnul
Zin
The Shining One
Beogh

Shops:
D:5 [*%(   D:6 :   D:10 [   D:11 *   Orc:1 *

Annotations:
D:9 2 transporters, vvokhom's ghost, novice MiBe
Orc:1 3 runed translucent doors, Menchi's ghost, journeyman MiFi


Innate Abilities, Weirdness & Mutations

You have razor-sharp toenails.
A weak demonic guardian rushes to your aid.
You resist negative energy. (rN+)
You are immune to rotting.
When seriously injured, your bleeding wounds create thick armour. (AC +9)


Message History

The orc knight shouts!
You climb upwards.
Level annotation: 3 runed translucent doors, Menchi's ghost, journeyman MiFi
There is a stone staircase leading down, spattered with blood here.
Items here: )) [[ a +0 leather armour; a cursed -1 flail; a +0 leather armour; a +0 whip You hit the orc knight.
The orc knight is lightly wounded.
You block the orc's attack.
The orc knight hits you but does no damage.
The orc becomes distracted by your gold, dreaming of imaginary riches.
The orc hits you with a +0 war axe.
The orc shouts!
You closely miss the orc knight.
You claw the orc knight, but do no damage.
The orc knight is lightly wounded.
The orc no longer looks unusually strong.
The orc knight hits you with a +3 great mace of pain!!!
You die...
Your body crumbles into a pile of gold.

##......#...# #...........###
##............##
##..............#
##.#........#.#.####
##..............###.##
#........#.....###...#
##......o[(..####...## ###
##......@[[..###...#
##.#####......oo.....##..##
#....#.##.....5...........###
##.......................##.##
##........#.....[[......#...#
##.#.#.............##......#
##.#......##.....###...#.##
#................# ##.####
##.#.###..##.##.## ###


You could see an orc knight, 2 orcs and a friendly quasit.

Vanquished Creatures
  Josephine (D:10)
  Erolcha (D:10)
  A two-headed ogre (D:11)
  A queen ant (D:10)
  2 unseen horrors (D:10)
  Pikel (D:6)
  An orc knight (D:12)
  An ugly thing (D:12)
  Joseph (D:8)
  3 centaur skeletons
  Grinder (D:6)
  2 trolls
  A hippogriff (D:8)
  6 slime creatures (D:12)
  A redback (D:8)
  A water elemental (D:12)
  A shadow (D:11)
  4 wraiths
  2 wyverns
  Menkaure (D:4)
  7 wargs
  Edmund (D:4)
  A water moccasin (D:7)
  15 soldier ants (D:10)
  Duvessa (D:6)
  2 ice beasts
  A black bear (D:7)
  4 sky beasts
  21 orc warriors
  3 phantoms
  5 ogres
  A necrophage (D:11)
  3 centaurs
  3 big kobolds
  5 bullfrogs
  Dowan (D:6)
  3 scorpions
  7 killer bees
  4 wights (D:7)
  2 electric eels (D:12)
  4 howler monkeys
  A bullfrog zombie (D:11)
  5 crimson imps
  3 centaur zombies
  4 jellies
  11 orc priests
  2 human zombies (Ossuary)
  2 quasits
  5 bullfrog skeletons
  7 hounds
  22 orc wizards
  32 worker ants
  Natasha (thrice) (D:3)
  A big kobold zombie (Ossuary)
  2 hound skeletons
  4 mummies (Ossuary)
  Robin (D:4)
  2 gnolls
  16 adders
  A shadow imp (D:5)
  A white imp (D:6)
  An ooze (D:5)
  2 adder zombies
  2 adder skeletons
  2 worms
  3 dart slugs
  4 leopard geckos
  71 orcs
  2 giant cockroaches
  A gnoll zombie (Ossuary)
  13 hobgoblins
  11 jackals
  6 quokkas
  3 ball pythons
  5 bats
  5 frilled lizards
  15 goblins
  A hobgoblin zombie (Ossuary)
  9 kobolds
  3 orc zombies (Ossuary)
  10 rats
  4 rat zombies
425 creatures vanquished.

Vanquished Creatures (collateral kills)
  A glowing orange brain (D:8)
  A wizard (D:12)
  An orc knight (Orc:1)
  A troll (D:11)
  Sigmund (D:6)
  A wraith (D:10)
  A water moccasin (D:7)
  An orc warrior (Orc:2)
  An ice beast (D:5)
  2 ogres
  A necrophage (D:7)
  A killer bee (D:11)
  A howler monkey (D:6)
  A jelly (D:6)
  A hound (D:7)
  An orc priest (D:10)
  2 orc wizards
  4 worker ants
  10 orcs
  A ball python (D:5)
  A giant cockroach (D:4)
  A goblin (D:4)
  3 kobolds (D:11)
39 creatures vanquished.

Vanquished Creatures (others)
  2 slaves (D:6)
  An ogre (D:6)
  2 centaurs
  An adder zombie (D:6)
  An orc (D:6)
  A goblin (D:4)
  A ball python (D:6)
9 creatures vanquished.

Grand Total: 473 creatures vanquished

Notes
Turn   | Place    | Note
-------+----------+-------------------------------------------
     0 | D:1      | Chiseanne the Demonspawn Wanderer began the quest for the
                  | Orb.
     0 | D:1      | Chiseanne set off with the following items: a +2 falchion,
                  | a potion of lignification, a potion of curing, a +0 robe, a
                  | ration
     0 | D:1      | Reached XP level 1. HP: 22/22 MP: 2/2
   129 | D:1      | Gained mutation: When seriously injured, your bleeding
                  | wounds create armour. (AC +9) [demonic ancestry]
   129 | D:1      | Reached XP level 2. HP: 23/28 MP: 3/3
   243 | D:1      | Reached XP level 3. HP: 22/35 MP: 4/4
  1343 | D:2      | Found a bloodstained altar of Trog.
  1345 | D:2      | Found a radiant altar of Vehumet.
  1345 | D:2      | Found an iron altar of Okawaru.
  1355 | D:2      | Found a sacrificial altar of Ru.
  1378 | D:2      | Reached skill level 1 in Armour
  1378 | D:2      | Gained mutation: You are immune to rotting. [demonic
                  | ancestry]
  1378 | D:2      | Reached XP level 4. HP: 38/41 MP: 5/5
  1428 | D:2      | Found a hide-covered altar of Uskayaw.
  2157 | D:3      | Noticed Natasha
  2178 | D:3      | Killed Natasha
  2178 | D:3      | Reached XP level 5. HP: 22/47 MP: 6/6
  2701 | D:3      | Noticed Natasha
  2711 | D:3      | Killed Natasha
  2711 | D:3      | Reached skill level 7 in Fighting
  2849 | D:3      | Noticed Natasha
  2856 | D:3      | Killed Natasha
  3022 | D:3      | Gained mutation: When seriously injured, your bleeding
                  | wounds create thick armour. (AC +9) [demonic ancestry]
  3022 | D:3      | Reached XP level 6. HP: 45/55 MP: 7/7
  3123 | D:4      | Noticed Menkaure
  3127 | D:4      | Found a sand-covered staircase.
  3139 | Ossuary  | Entered an ossuary
  3728 | Ossuary  | Identified a scroll of acquirement
  3743 | D:4      | Killed Menkaure
  3743 | D:4      | Gained mutation: A weak demonic guardian rushes to your
                  | aid. [demonic ancestry]
  3743 | D:4      | Reached XP level 7. HP: 35/60 MP: 8/8
  3885 | D:4      | Noticed Edmund
  3896 | D:4      | Killed Edmund
  3898 | D:4      | Noticed Robin
  3911 | D:4      | Killed Robin
  3922 | D:4      | Reached skill level 1 in Shields
  4553 | D:5      | Entered Level 5 of the Dungeon
  4607 | D:5      | Found Qiofav's Distillery.
  4874 | D:5      | Bought a potion of might for 56 gold pieces
  4874 | D:5      | Bought a potion of magic for 112 gold pieces
  4874 | D:5      | Bought a potion of flight for 42 gold pieces
  4874 | D:5      | Bought a potion of resistance for 140 gold pieces
  4874 | D:5      | Bought a potion of mutation for 112 gold pieces
  4978 | D:5      | Bought a potion of magic for 112 gold pieces
  4978 | D:5      | Bought a potion of curing for 42 gold pieces
  4978 | D:5      | Bought a potion of curing for 42 gold pieces
  4978 | D:5      | Bought a potion of berserk rage for 70 gold pieces
  4978 | D:5      | Bought a potion of curing for 42 gold pieces
  4978 | D:5      | Bought a potion of heal wounds for 70 gold pieces
  4986 | D:5      | Found Ajuuvogask's Antique Armour Shoppe.
  4990 | D:5      | Bought a faintly humming helmet for 304 gold pieces
  4990 | D:5      | Bought an embroidered cloak for 240 gold pieces
  4995 | D:5      | Reached skill level 8 in Fighting
  4995 | D:5      | Gained mutation: You have sharp toenails. [demonic
                  | ancestry]
  4995 | D:5      | Reached XP level 8. HP: 68/68 MP: 9/9
  5018 | D:5      | Identified the +2 helmet of Cogi Her {Str+4 Int+2} (You
                  | bought it in a shop on level 5 of the Dungeon)
  5040 | D:5      | Reached skill level 5 in Dodging
  5057 | D:5      | Found Omics's Food Shoppe.
  5410 | D:5      | Found Voepeh's Weapon Boutique.
  5699 | D:5      | Found Gunaw's Assorted Antiques.
  5707 | D:5      | Bought a scroll of identify for 44 gold pieces
  5707 | D:5      | Bought a scroll of teleportation for 66 gold pieces
  5707 | D:5      | Bought a green potion for 19 gold pieces
  5707 | D:5      | Bought a scroll labeled VEJIFR ANENE for 22 gold pieces
  5707 | D:5      | Bought a tourmaline ring for 110 gold pieces
  5707 | D:5      | Bought a scroll of amnesia for 77 gold pieces
  6098 | D:6      | Noticed Pikel
  6278 | D:6      | Killed Pikel
  6278 | D:6      | Reached skill level 9 in Fighting
  6278 | D:6      | Gained mutation: You resist negative energy. (rN+) [demonic
                  | ancestry]
  6278 | D:6      | Reached XP level 9. HP: 43/76 MP: 10/10
  6609 | D:6      | Found an ancient bone altar of Kikubaaqudgha.
  6611 | D:6      | Found a glowing golden altar of the Shining One.
  6622 | D:6      | Noticed Sigmund
  6626 | D:6      | Killed Sigmund
  6644 | D:6      | Noticed Dowan
  6645 | D:6      | Noticed Duvessa
  6651 | D:6      | Noticed Grinder
  6654 | D:6      | Killed Duvessa
  6658 | D:6      | Killed Dowan
  6664 | D:6      | Killed Grinder
  6664 | D:6      | Reached skill level 5 in Shields
  6820 | D:6      | Found Rakk's Book Emporium.
  7189 | D:7      | Found a snail-covered altar of Cheibriados.
  7424 | D:7      | Reached skill level 10 in Fighting
  7610 | D:7      | Got a warped falchion
  7611 | D:7      | Identified the +11 falchion "Hydraslayer" {elec, rElec rC+
                  | rN+ Int-5} (You found it on level 7 of the Dungeon)
  7726 | D:7      | Gained mutation: You have razor-sharp toenails. [demonic
                  | ancestry]
  7726 | D:7      | Reached XP level 10. HP: 85/85 MP: 11/11
  7797 | D:7      | Found a staircase to the Ecumenical Temple.
  7954 | Temple   | Entered the Ecumenical Temple
  8027 | Temple   | Became a worshipper of Gozag Ym Sagoz the Greedy
  8137 | D:8      | Noticed a two-headed ogre
  8140 | D:8      | Noticed a glowing orange brain
  8140 | D:8      | a two-headed ogre changed into a glowing orange brain
  8166 | D:8      | Killed a glowing orange brain
  8235 | D:8      | Noticed a two-headed ogre
  8239 | D:8      | a two-headed ogre changed into a redback
  8767 | D:8      | Noticed Joseph
  8790 | D:8      | Killed Joseph
  8900 | D:8      | Found a hazy altar of Hepliaklqana.
  8937 | D:8      | Found a deep blue altar of Sif Muna.
  9303 | D:9      | Found a transporter.
  9308 | D:9      | Noticed vvokhom's ghost (novice MiBe)
  9309 | D:9      | Noticed a fire dragon
  9404 | D:9      | Found a transporter.
  9404 | D:9      | Noticed a moth of wrath
 10271 | D:10     | Entered Level 10 of the Dungeon
 10325 | D:10     | Noticed Erolcha
 10340 | D:10     | Killed Erolcha
 10340 | D:10     | Reached skill level 11 in Fighting
 10397 | D:10     | Killed an unseen horror
 10397 | D:10     | Reached XP level 11. HP: 52/93 MP: 12/12
 10406 | D:10     | Found a staircase to the Lair.
 10710 | D:10     | Killed an unseen horror
 10889 | D:10     | Noticed a queen ant
 10906 | D:10     | Killed a queen ant
 11202 | D:10     | Bought a glowing large shield for 157 gold pieces
 11635 | D:10     | Noticed Josephine
 11644 | D:10     | Reached skill level 12 in Fighting
 11655 | D:10     | Killed Josephine
 11655 | D:10     | Reached skill level 10 in Dodging
 12396 | D:11     | Found Koextaji's Assorted Antiques.
 12407 | D:11     | Bought a scroll of blinking for 247 gold pieces
 12407 | D:11     | Bought a scroll of identify for 66 gold pieces
 12407 | D:11     | Bought a potion of curing for 99 gold pieces
 12407 | D:11     | Bought a potion of curing for 99 gold pieces
 12465 | D:11     | You fall through a shaft!
 12465 | D:12     | Found a roughly hewn altar of Beogh.
 12465 | D:12     | Found a staircase to the Orcish Mines.
 12571 | D:11     | Noticed a two-headed ogre
 12584 | D:11     | Killed a two-headed ogre
 12907 | D:11     | Bought a coral ring for 165 gold pieces
 12943 | D:12     | Reached XP level 12. HP: 100/103 MP: 13/13
 13971 | D:12     | Reached skill level 10 in Shields
 14004 | D:12     | Reached skill level 13 in Fighting
 14567 | D:10     | Bought a pair of jewelled gloves for 199 gold pieces
 14580 | D:10     | Identified the +0 pair of gloves of Trog {-Tele +Inv Str+7
                  | Int-3} (You bought it in a shop on level 10 of the Dungeon)
 14624 | D:11     | Bought a shiny sapphire ring for 165 gold pieces
 14687 | Orc:1    | Entered Level 1 of the Orcish Mines
 14729 | Orc:1    | Found Joups's Assorted Antiques.
 14741 | Orc:1    | Bought a scroll labeled UWACUK ALEDOJO for 33 gold pieces
 14741 | Orc:1    | Bought a pitted ring mail for 297 gold pieces
 14946 | Orc:1    | Identified the +1 ring mail "Itiqul" {rElec Int+2} (You
                  | bought it in a shop on level 1 of the Orcish Mines)
 14958 | Orc:1    | Found a runed translucent gate.
 14958 | Orc:1    | Found a runed translucent gate.
 14958 | Orc:1    | Found a runed translucent gate.
 14958 | Orc:1    | Noticed a centaur warrior
 14958 | Orc:1    | Noticed a merfolk javelineer
 14959 | Orc:1    | Noticed a tengu warrior
 14959 | Orc:1    | Noticed Menchi's ghost (journeyman MiFi)
 14959 | Orc:1    | Noticed a tengu warrior
 14961 | Orc:1    | Found an iron altar of Okawaru.
 15182 | Orc:2    | Entered Level 2 of the Orcish Mines
 16044 | Orc:1    | Mangled by an orc knight

Skill      XL: |  1  2  3  4  5  6  7  8  9 10 11 12 |
---------------+-------------------------------------+-----
Dodging        | 2 3 4 6 7 9 10 11 | 11.3
Armour         | 1 2 3 4 |  4.0
Fighting       | 7 8 9 10 11 12 13 | 13.3
Shields        | 2 4 6 7 9 10 | 10.5
Long Blades    | |  1.0
Evocations     | |  2.0

Action                   |  1- 3 |  4- 6 |  7- 9 | 10-12 || total
-------------------------+-------+-------+-------+-------++-------
Melee: Falchion          |    89 |   235 |   428 |   645 ||  1397
       Kick              |       |       |   103 |   242 ||   345
Throw: Stone             |       |       |       |     1 ||     1
Invok: Call Merchant     |       |       |       |     1 ||     1
Evoke: Wand              |       |       |       |    18 ||    18
  Use: Potion            |     1 |       |     5 |       ||     6
       Scroll            |       |    12 |     8 |    12 ||    32
 Stab: Distracted        |       |       |     1 |     3 ||     4
       Sleeping          |       |       |     1 |       ||     1
  Eat: Chunk             |     2 |     6 |     5 |     1 ||    14
       Ration            |       |     1 |     2 |     8 ||    11
Armor: Robe              |     6 |       |       |       ||     6
       Chain mail        |    49 |   274 |    84 |       ||   407
       Leather armour    |       |       |    63 |   125 ||   188
Dodge: Dodged            |    58 |   136 |   170 |   293 ||   657
Block: Other             |       |    42 |       |       ||    42
       Shield            |       |       |   337 |   181 ||   518
       Reflection        |       |       |     6 |    26 ||    32
       Large shield      |       |       |       |   606 ||   606
       Rpst.: Falchion   |    23 |    46 |    49 |    82 ||   200
